 Dungeon Crawl Stone Soup version 0.22-a0-253-gf9d0ce5 (webtiles) character file.

154221 Amnesiac the Carver (level 17, -6/88 HPs)
             Began as a Spriggan Fighter on Mar 3, 2018.
             Was the Champion of Ru.
             Mangled by a deep elf blademaster
             ... wielding a +0 vampiric rapier
              (14 damage)
             ... on level 3 of the Elven Halls.
             The game lasted 01:17:57 (24485 turns).

Amnesiac the Carver (Spriggan Fighter)             Turns: 24485, Time: 01:17:58

Health: -6/88      AC: 11    Str: 19    XL:     17   Next: 6%
Magic:  0/32       EV: 25    Int: 10    God:    Ru [******]
Gold:   1032       SH:  7    Dex: 17    Spells: 24/37 levels left

rFire    + . .     SeeInvis +   a - +3 scimitar (elec)
rCold    + . .     Gourm    .   c - +0 buckler
rNeg     . . .     Faith    .   R - +1 robe {MR+}
rPois    .         Spirit   +   B - +2 hat
rElec    .         Reflect  .   P - +2 cloak
rCorr    .         Harm     .   (gloves unavailable)
MR       +....                  (boots unavailable)
Stlth    +++.......             w - amulet of guardian spirit
HPRegen  0.24/turn              g - ring of protection from fire
MPRegen  0.23/turn              u - ring of protection from cold

@: exhausted, heavily drained, very quick
A: very small, unfitting armour, hooves 1, rugged brown scales 1, slimy green
scales 1, see invisible, herbivore, speed 3, slow metabolism 2, strong 1,
inability to use devices, magic vulnerability 2, unskilled 1
a: Draw Out Power, Power Leap, Apocalypse, Renounce Religion


You were on level 3 of the Elven Halls.
You worshipped Ru.
Ru was exalted by your worship.
You were not hungry.

You visited 3 branches of the dungeon, and saw 20 of its levels.
You visited the Abyss 1 time.
You also visited: Bailey.

You collected 2255 gold pieces.
You spent 1223 gold pieces at shops.

Inventory:

Hand Weapons
 a - a +3 scimitar of electrocution (weapon)
 b - a +1 dagger of venom
 q - a +1 hunting sling of freezing
 D - a +2 scimitar of holy wrath
 W - a +4 scimitar of flaming
Missiles
 e - 74 poisoned needles
 o - 122 stones
 J - 4 curare-tipped needles
 L - 770 arrows
 O - 2 sling bullets
 Y - a throwing net (quivered)
Armour
 c - a +0 buckler (worn)
 y - a +0 troll leather armour
 B - a +2 hat (worn)
 P - a +2 cloak (worn)
 R - a +1 robe of magic resistance (worn)
Jewellery
 g - a ring of protection from fire (left hand)
 i - an uncursed ring of protection from cold
 j - an uncursed ring of magical power
 m - an uncursed ring of wizardry
 t - the ring "Pysaxeff" {rPois Str+2 Int+4}
   (You took it off a hobgoblin in a bailey)

   [ring of poison resistance]

   It affects your strength (+2).
   It affects your intelligence (+4).
   It protects you from poison.
 u - a ring of protection from cold (right hand)
 v - an uncursed ring of resist corrosion
 w - an amulet of guardian spirit (around neck)
Scrolls
 h - 5 scrolls of identify {!r}
 k - 2 scrolls of amnesia {!r}
 n - 12 scrolls of remove curse {!r}
 x - 2 scrolls of fear {!r}
 F - 2 scrolls of fog {!r}
 G - 2 scrolls of blinking {!r}
 K - a scroll of silence {!r}
 M - 2 scrolls of teleportation {!r}
 N - 2 scrolls of enchant armour {!r}
 Q - 4 scrolls of magic mapping {!r}
 S - a scroll of enchant weapon {!r}
 U - a scroll of vulnerability {!r}
 X - a scroll of brand weapon {!r}
Potions
 d - 2 potions of might {!q}
 l - 5 potions of mutation {!q}
 p - a potion of flight {!q}
 r - 2 potions of berserk rage {!q}
 s - 2 potions of lignification {!q}
 z - 5 potions of brilliance {!q}
 A - a potion of haste {!q}
 C - a potion of ambrosia {!q}
 E - 2 potions of magic {!q}
 H - 5 potions of agility {!q}
 I - 4 potions of curing {!q}
 T - a potion of resistance {!q}
Comestibles
 f - 22 rations


   Skills:
 * Level 8.3(6.4) Fighting
 - Level 7.8(11.2) Short Blades
 - Level 13.5(11.8) Long Blades
 - Level 12.0(9.9) Slings
 + Level 12.2(10.0) Dodging
 + Level 8.6(6.7) Stealth
 - Level 7.2(5.3) Shields
 - Level 10.5(8.4) Spellcasting
 - Level 2.5(0.9) Conjurations
 - Level 3.0(1.3) Hexes
 - Level 3.0(1.4) Charms
 - Level 4.2(2.5) Transmutations


You had 24 spell levels left.
You knew the following spells:

 Your Spells              Type           Power        Failure   Level  Hunger
a - Spectral Weapon       Hex/Chrm       #.......     30%         3    ###....
b - Sticks to Snakes      Tmut           #.......     10%         2    #......
e - Mephitic Cloud        Conj/Pois/Air  #.......     43%         3    ###....
s - Conjure Flame         Conj/Fire      #.......     41%         3    ###....
v - Blink                 Tloc           N/A          26%         2    #......


Dungeon Overview and Level Annotations

Branches:
Dungeon (15/15)            Temple (0/1) D:5            Lair (0/6) D:8
    Orc (2/2) D:11            Elf (3/3) Orc:2        Vaults (0/5) D:14
 Depths (0/5) D:15

Altars:
Cheibriados
Dithmenos
Gozag
Hepliaklqana
Okawaru
Qazlal
Ru
Uskayaw
Vehumet
Wu Jian
Yredelemnul
Zin
The Shining One

Shops:
D:6 *   D:7 %   D:9 =   D:13 !   D:14 }   Orc:2 *:(!


Innate Abilities, Weirdness & Mutations

You are very small and have problems with some larger weapons.
You are too small for most types of armour.
You have supernaturally acute eyesight. (SInv)
You are a herbivore.
You cover ground extremely quickly.
You need consume almost no food.
You cannot study or use magical devices.
You are vulnerable to magic. (MR--)
You are somewhat unskilled. (-1 Apt)
You have large cloven feet.
You are partially covered in rugged brown scales. (AC +1, +3% HP)
You are partially covered in slimy green scales. (AC +2)
Your muscles are strong. (Str +2)


Message History

You kick the deep elf death mage, but do no damage.
The deep elf death mage is almost dead.
You block the deep elf blademaster's attack.
The deep elf blademaster hits you with a vampiric rapier!
* * * LOW HITPOINT WARNING * * *
The deep elf death mage falters for a moment.
The deep elf death mage falters for a moment.
Things that are here:
a long sword; a chain mail; an elf skeleton You aren't carrying any items that you can evoke.
Unknown command.
Okay, then.
Unknown command.
The deep elf death mage beckons forth a restless soul!
Okay, then.
Really read
V - a scroll of summoning {!r}?
As you read the scroll of summoning {!r}, it crumbles to dust.
Wisps of shadow whirl around you...
The deep elf blademaster completely misses you. x2
What are your orders? t - Shout!
Orders for allies: a - Attack new target. r - Retreat! s - Stop attacking. g - Guard the area. f - Follow me.
Anything else - Cancel.
Gang up on whom?
Press: ? - help, Dir - move target cursor, f - deep elf death mage
Aim: a deep elf death mage, wielding a falchion of electrocution, wearing a leather armour and wearing a ring of magical power (almost dead) Attack!
You block the deep elf blademaster's attack.
The deep elf blademaster hits you but does no damage.
The deep elf blademaster is stunned by your will and fails to attack.
The deep elf death mage begins to cast a spell, but is stunned by your will!
The lost soul assumes the form of the deep elf death mage and becomes anchored to this world!
You see here a dagger.
What are your orders? t - Shout!
Orders for allies: a - Attack new target. p - Attack previous target. r - Retreat! s - Stop attacking. g - Guard the area. f - Follow me.
Anything else - Cancel.
Gang up on whom?
Press: ? - help, Dir - move target cursor, f - deep elf blademaster, p - ghostly deep elf death mage
Aim: a deep elf blademaster, wielding two vampiric rapiers, wearing a faintly glowing chain mail and wearing the ring of the Mage {Wiz MR++ Int+3} (heavily wounded) Attack!
The deep elf blademaster hits your scimitar of draining with a vampiric rapier!
The deep elf blademaster hits your scimitar of draining with a vampiric rapier!!
The ghostly deep elf death mage completely misses your war axe of chopping.
The ghostly deep elf death mage begins to cast a spell, but is stunned by your will!
You see here 21 bolts.
Your war axe of chopping dissolves into shadows!
You see here a short sword.
You feel less exhausted.
Aiming: Power Leap
Press: ? - help, Dir - move target cursor, p - deep elf blademaster You block the deep elf blademaster's attack.
The deep elf blademaster hits you with a vampiric rapier!!
* * * LOW HITPOINT WARNING * * *
The deep elf blademaster draws strength from your wounds!
The deep elf blademaster hits you with a vampiric rapier!
* * * LOW HITPOINT WARNING * * *
The deep elf blademaster draws strength from your wounds!
The deep elf blademaster hits you with a vampiric rapier!
You die...

#..# ##.# #.# #.#
####### #.#
####...... #.##
###.........
#.##.##...........
#.##.#.........)..
#@##.'.........⌠.)
#e# #..)....).)..
#.# ##....)..))).
#.# ##.######.##
#.# ###...≈≈)≈≈
#.# ....)≈≈e≈≈ #.#
##)..≈≈)≈≈ #.#
#...≈≈.≈≈ #.#
######.##


You could see a deep elf blademaster.

Vanquished Creatures
  A deep elf master archer (Elf:3)
  2 deep elf blademasters
  A tentacled starspawn (Abyss:3)
  Frances (Elf:1)
  Kirke (D:11)
  Donald (Elf:2)
  2 deep elf sorcerers
  An orc warlord (Bailey)
  A deep elf elementalist (Elf:3)
  3 deep elf demonologists
  6 deep elf annihilators (Elf:3)
  Snorg (D:10)
  Azrael (D:12)
  4 deep elf death magi
  A yaktaur captain (D:15)
  A deep elf high priest (Elf:3)
  The ghost of confidenceinterval the Spear-Bearer, a journeyman MfSu of Sif Muna (D:10)
  A hydra (D:12)
  An ogre mage (Orc:2)
  5 two-headed ogres
  A centaur warrior (D:15)
  22 dancing weapons
  2 tengu warriors (D:13)
  A two-headed ogre (shapeshifter) (D:14)
  11 deep elf knights (Elf:2)
  3 orc high priests (Orc:2)
  A thrashing horror (Abyss:3)
  4 unseen horrors
  A skeletal warrior (D:14)
  9 deep elf archers
  Pikel (D:6)
  4 orc knights (Orc:2)
  52 deep elf magi
  4 orc sorcerers (Orc:2)
  4 ugly things (D:11)
  A cyclops (shapeshifter) (Elf:2)
  Maurice (D:12)
  2 cyclopes
  Psyche (D:12)
  A smoke demon (Abyss:3)
  A komodo dragon (D:15)
  3 kobold demonologists
  2 efreet
  A yaktaur (D:15)
  2 ancient zymes (Abyss:3)
  A harpy zombie (D:13)
  Prince Ribbit (D:7)
  6 trolls
  A harpy skeleton (D:15)
  4 hippogriffs
  3 slime creatures (D:12)
  3 air elementals
  Sigmund (D:3)
  A shadow (D:11)
  A tarantella (shapeshifter) (D:15)
  7 yaks
  8 fire elementals
  A wyvern (D:15)
  A yak (shapeshifter) (Elf:1)
  5 hogs (D:12)
  Grum (D:8)
  A basilisk (D:13)
  8 vampire mosquitoes (D:15)
  3 hungry ghosts
  A soldier ant (D:12)
  3 water moccasins
  3 hell hounds (D:12)
  32 orc warriors
  The ghost of HEYYEYAAE the Ogre Mage, an amateur OgWz (D:4)
  A hornet zombie (D:14)
  5 ice beasts
  3 black bears
  5 sky beasts
  A necrophage (D:11)
  2 wolves (D:8)
  4 phantoms
  A small abomination (Abyss:3)
  15 ogres
  16 centaurs
  A big kobold (shapeshifter) (Elf:1)
  2 big kobolds
  Blork the orc (D:6)
  An earth elemental (Elf:2)
  7 bullfrogs
  A wyvern zombie (D:14)
  3 jellies
  4 scorpions
  16 killer bees
  3 howler monkeys
  10 wights
  9 crimson imps
  2 bullfrog zombies
  2 centaur zombies
  A quasit (D:7)
  3 centaur skeletons
  A gnoll shaman (D:6)
  4 hounds
  24 orc wizards
  18 orc priests
  2 bullfrog skeletons (D:11)
  4 iguanas
  10 worker ants
  A hound zombie (D:5)
  A hound skeleton (D:7)
  A mummy (D:14)
  A worker ant zombie (D:5)
  9 adders
  15 gnolls
  A howler monkey skeleton (D:6)
  3 shadow imps
  An adder zombie (D:5)
  A worm (D:4)
  3 dart slugs (D:2)
  4 leopard geckos
  97 orcs
  3 ball pythons
  3 bats
  5 giant cockroaches
  21 goblins
  24 hobgoblins
  11 jackals
  4 quokkas
  3 frilled lizards
  A giant cockroach zombie (D:6)
  15 kobolds
  A leopard gecko skeleton (D:6)
  A quokka zombie (D:6)
  3 rats
  A starspawn tentacle (Abyss:3)
684 creatures vanquished.

Vanquished Creatures (others)
  A two-headed ogre (D:11)
  A deep elf knight (Elf:2)
  A deep elf archer (Elf:2)
  An orange demon (Abyss:3)
  A centaur skeleton (D:11)
  2 trolls
  An air elemental (Elf:2)
  A wyvern (D:8)
  A phantom (D:4)
  An orc warrior (Orc:2)
  4 orcs
  A goblin (Bailey)
  A hobgoblin (Bailey)
  A starspawn tentacle (Abyss:3)
18 creatures vanquished.

Grand Total: 702 creatures vanquished

Notes
Turn   | Place    | Note
-------+----------+-------------------------------------------
     0 | D:1      | Amnesiac the Spriggan Fighter began the quest for the Orb.
     0 | D:1      | Reached XP level 1. HP: 11/11 MP: 2/2
    41 | D:2      | Found a faded altar of an unknown god.
    46 | D:2      | Became a worshipper of Ru the Awakened
    72 | D:2      | Gained mutation: You are somewhat unskilled. (-1 Apt) [Ru sacrifice]
    72 | D:2      | Reached * piety under Ru
    72 | D:2      | Reached ** piety under Ru
   202 | D:1      | Reached skill level 2 in Long Blades
   224 | D:1      | Reached XP level 2. HP: 5/15 MP: 3/3
   466 | D:1      | Reached skill level 1 in Slings
  1059 | D:2      | Found a snail-covered altar of Cheibriados.
  1066 | D:2      | Reached XP level 3. HP: 18/18 MP: 4/4
  1380 | D:2      | Found a glowing golden altar of the Shining One.
  1390 | D:2      | Found a sacrificial altar of Ru.
  1390 | D:2      | Found a hazy altar of Hepliaklqana.
  1391 | D:2      | Found a radiant altar of Vehumet.
  1391 | D:2      | Found an ornate altar of the Wu Jian Council.
  1391 | D:2      | Found a stormy altar of Qazlal.
  1677 | D:3      | Noticed Sigmund
  1864 | D:3      | Gained mutation: You cannot study or use magical devices. [Ru sacrifice]
  1864 | D:3      | Reached *** piety under Ru
  1864 | D:3      | Reached **** piety under Ru
  2142 | D:3      | Reached XP level 4. HP: 14/23 MP: 5/5
  2313 | D:3      | Killed Sigmund
  2313 | D:3      | Reached XP level 5. HP: 21/26 MP: 6/6
  2313 | D:3      | Reached XP level 6. HP: 24/30 MP: 7/7
  2470 | D:4      | Found an iron altar of Okawaru.
  2764 | D:4      | Noticed HEYYEYAAE's ghost (amateur OgWz)
  2819 | D:4      | Killed HEYYEYAAE's ghost
  2819 | D:4      | Reached XP level 7. HP: 35/35 MP: 8/8
  3491 | D:5      | Entered Level 5 of the Dungeon
  3589 | D:5      | Reached XP level 8. HP: 31/39 MP: 9/9
  3654 | D:5      | Reached skill level 10 in Slings
  3846 | D:5      | Gained mutation: You are slightly vulnerable to magic. (MR-) [Ru sacrifice]
  3846 | D:5      | Reached ***** piety under Ru
  4013 | D:5      | Found a staircase to the Ecumenical Temple.
  4382 | D:6      | Noticed Blork the orc
  4407 | D:6      | Killed Blork the orc
  4834 | D:6      | Reached XP level 9. HP: 42/42 MP: 10/10
  5081 | D:6      | Reached skill level 5 in Dodging
  5098 | D:6      | Found a shadowy altar of Dithmenos.
  5244 | D:6      | Found Sureofip's Assorted Antiques.
  5252 | D:6      | Bought 2 silvery potions for 37 gold pieces
  5252 | D:6      | Bought a scroll labeled PAOFUNWUYQYP for 21 gold pieces
  5252 | D:6      | Bought a scroll labeled ZERIAKO XOGYB for 21 gold pieces
  5252 | D:6      | Bought a scroll labeled MEDE ANWYOGGAM for 21 gold pieces
  5252 | D:6      | Bought a scroll labeled KAHAD SYEPIL for 21 gold pieces
  5252 | D:6      | Bought 2 golden potions for 37 gold pieces
  5259 | D:6      | Noticed Pikel
  5298 | D:6      | Killed Pikel
  5336 | D:6      | Found a basalt altar of Yredelemnul.
  5464 | D:6      | Found a glowing silver altar of Zin.
  5634 | D:6      | Found a hide-covered altar of Uskayaw.
  5857 | D:7      | Noticed Prince Ribbit
  5865 | D:7      | Gained mutation: You are vulnerable to magic. (MR--) [Ru sacrifice]
  5865 | D:7      | Reached ****** piety under Ru
  6044 | D:7      | Killed Prince Ribbit
  6141 | D:7      | Found Juehuat's Food Shoppe.
  6300 | D:7      | Found a flagged portal.
  6305 | D:7      | Got a warped hand axe
  6326 | Bailey   | Entered a bailey
  6369 | Bailey   | Noticed an orc warlord
  6370 | Bailey   | Reached XP level 10. HP: 43/49 MP: 11/11
  6449 | Bailey   | HP: 2/49 [poisoned by an orc warlord]
  6485 | Bailey   | Gained mutation: You have large cloven feet. [potion of mutation]
  6485 | Bailey   | Gained mutation: You are partially covered in slimy green scales. (AC +2) [potion of mutation]
  6485 | Bailey   | Gained mutation: Your muscles are strong. (Str +2) [potion of mutation]
  6485 | Bailey   | Gained mutation: You are partially covered in rugged brown scales. (AC +1, +3% HP) [potion of mutation]
  6610 | Bailey   | Identified the +10 hand axe of Spite {freeze, rElec} (You found it on level 7 of the Dungeon)
  6838 | Bailey   | Killed an orc warlord
  6838 | Bailey   | Reached skill level 10 in Dodging
  7100 | Bailey   | Got an ancient brass ring
  7215 | Bailey   | Identified the ring "Pysaxeff" {rPois Str+2 Int+4} (You took it off a hobgoblin in a bailey)
  7370 | D:7      | Identified a scroll of acquirement {!r}
  7378 | D:7      | Reached XP level 11. HP: 57/57 MP: 12/12
  7986 | D:8      | Learned a level 3 spell: Mephitic Cloud
  7990 | D:8      | Learned a level 3 spell: Conjure Flame
  7993 | D:8      | Learned a level 2 spell: Blink
  7996 | D:8      | Learned a level 2 spell: Call Imp
  8427 | D:8      | Found a staircase to the Lair.
  8829 | D:8      | Noticed Grum
  8894 | D:8      | Killed Grum
  9273 | D:9      | Found Tucs's Jewellery Emporium.
  9535 | D:9      | Found an opulent altar of Gozag.
 10186 | D:10     | Entered Level 10 of the Dungeon
 10189 | D:10     | Noticed confidenceinterval's ghost (journeyman MfSu)
 10317 | D:10     | You fall through a shaft for 3 floors!
 10404 | D:13     | Reached XP level 12. HP: 65/65 MP: 13/13
 10456 | D:13     | Found Monkoabb's Distillery.
 10461 | D:13     | Bought a potion of flight for 45 gold pieces
 10461 | D:13     | Bought a potion of haste for 150 gold pieces
 10461 | D:13     | Bought a potion of ambrosia for 120 gold pieces
 10506 | D:13     | Noticed a two-headed ogre
 10526 | D:13     | Killed a two-headed ogre
 10547 | D:13     | Noticed a two-headed ogre
 10569 | D:13     | Killed a two-headed ogre
 10952 | D:11     | Identified Sif Muna's Volume of Enthralling Translocation
 11030 | D:11     | Learned a level 2 spell: Sticks to Snakes
 11035 | D:11     | Reached skill level 5 in Spellcasting
 11588 | D:11     | Found a staircase to the Orcish Mines.
 12043 | D:11     | Noticed a two-headed ogre
 12114 | D:11     | Killed a two-headed ogre
 13059 | D:10     | Noticed a two-headed ogre
 13108 | D:10     | Killed a two-headed ogre
 13414 | D:10     | Noticed Snorg
 13447 | D:10     | Killed confidenceinterval's ghost
 13447 | D:10     | Reached skill level 10 in Spellcasting
 13457 | D:10     | Killed Snorg
 13457 | D:10     | Reached skill level 1 in Short Blades
 13457 | D:10     | Reached skill level 1 in Stealth
 13457 | D:10     | Reached XP level 13. HP: 57/70 MP: 23/28
 14011 | D:12     | Noticed Psyche
 14037 | D:12     | Noticed Azrael
 14038 | D:12     | Killed Azrael
 14136 | D:12     | Killed Psyche
 14291 | D:12     | Reached skill level 5 in Short Blades
 14320 | D:12     | Reached skill level 5 in Stealth
 14485 | D:12     | Noticed Kirke
 14516 | D:12     | Noticed Maurice
 15255 | D:12     | Killed Maurice
 15950 | D:11     | Killed Kirke
 16592 | D:14     | Found Eshuwath's Gadget Shoppe.
 16743 | D:14     | Found a gate to the Vaults.
 17268 | D:14     | Reached skill level 3 in Long Blades
 17467 | D:15     | Entered Level 15 of the Dungeon
 17594 | D:15     | Reached skill level 4 in Long Blades
 18188 | D:15     | Found a staircase to the Depths.
 18191 | D:15     | Reached XP level 14. HP: 73/75 MP: 29/29
 18511 | Orc:1    | Entered Level 1 of the Orcish Mines
 18672 | Orc:2    | Entered Level 2 of the Orcish Mines
 18705 | Orc:1    | Reached skill level 1 in Conjurations
 19023 | Orc:2    | Found Bupn's Distillery.
 19126 | Orc:2    | Reached skill level 1 in Transmutations
 19430 | Orc:2    | Found a staircase to the Elven Halls.
 19885 | Orc:2    | Reached skill level 5 in Long Blades
 19892 | Orc:2    | Found Fuommigi's Antique Weapon Shoppe.
 19892 | Orc:2    | Found Waapesch's Magic Scroll Shoppe.
 19893 | Orc:2    | Found Lourch's Book Boutique.
 19893 | Orc:2    | Found Esausuff's General Store.
 19992 | Orc:2    | Bought a potion of experience for 750 gold pieces
 19992 | Orc:2    | Reached skill level 7 in Long Blades
 19992 | Orc:2    | Reached XP level 15. HP: 79/79 MP: 30/30
 20066 | Elf:1    | Entered Level 1 of the Elven Halls
 20111 | Elf:1    | Reached skill level 8 in Long Blades
 20667 | Elf:1    | Noticed a deep elf sorcerer
 20679 | Elf:1    | Killed a deep elf sorcerer
 20941 | Elf:1    | Reached skill level 9 in Long Blades
 21013 | Elf:1    | Noticed Frances
 21029 | Elf:1    | Killed Frances
 21662 | Elf:2    | Reached skill level 10 in Long Blades
 21949 | Elf:2    | Learned a level 3 spell: Spectral Weapon
 22135 | Elf:2    | Reached skill level 1 in Hexes
 22135 | Elf:2    | Reached skill level 1 in Charms
 22135 | Elf:2    | Reached XP level 16. HP: 77/83 MP: 26/31
 22141 | Elf:2    | Found a runed gate.
 22141 | Elf:2    | Found a runed gate.
 22141 | Elf:2    | Found a runed gate.
 22369 | Elf:2    | Noticed a deep elf blademaster
 22405 | Elf:2    | Killed a deep elf blademaster
 22626 | Elf:2    | Reached skill level 11 in Long Blades
 23268 | Elf:3    | Entered Level 3 of the Elven Halls
 23298 | Elf:3    | Noticed Donald
 23372 | Elf:2    | Killed Donald
 23372 | Elf:2    | Reached skill level 12 in Long Blades
 23630 | Elf:3    | Cast into level 3 of the Abyss (a deep elf demonologist)
 23710 | Abyss:3  | Noticed a tentacled starspawn
 23731 | Abyss:3  | Killed a tentacled starspawn
 23731 | Abyss:3  | Reached skill level 13 in Long Blades
 23821 | Abyss:3  | Noticed a bone dragon
 23832 | Abyss:3  | Noticed a tentacled starspawn
 23929 | Abyss:3  | Noticed a profane servitor
 23982 | Abyss:3  | Noticed a bone dragon
 24077 | Elf:3    | Escaped the Abyss
 24081 | Elf:3    | Noticed a deep elf blademaster
 24186 | Elf:3    | Killed a deep elf blademaster
 24387 | Elf:3    | Noticed a deep elf master archer
 24388 | Elf:3    | Killed a deep elf master archer
 24391 | Elf:3    | Reached XP level 17. HP: 82/87 MP: 23/32
 24426 | Elf:3    | Noticed a deep elf blademaster
 24485 | Elf:3    | Mangled by a deep elf blademaster

Vault maps used:
D:1:      lemuel_arrival_broad_hall, minmay_box_of_dots
D:2:      grunt_temple_overflow_open, kennysheep_slug_shrine,
          chequers_ecumenical_altar_lobes
D:3:      palyth_stone_intersect, uniq_sigmund
D:4:      first_ration, okawaru_gym_becter
D:5:      minmay_temple_entry_glassed_door
D:6:      minitemple, grunt_dithmenos_shadows, old_standard_altar, serial_shops,
          nicolae_shop_overgrown_old_shop, grunt_ministairs_10, corexii_shack,
          uniq_blork_the_orc, uniq_pikel
D:7:      enter_bailey_2, serial_shops, nicolae_shop_stone, uniq_prince_ribbit1
D:8:      lair_entry_dummy, grunt_ogre_cave, uniq_grum
D:9:      lemuel_coloured_pillars_altar, serial_shops, shop_fountains
D:10:     st_stairs_1, uniq_snorg
D:11:     minmay_distorted_concentric_squares, orc_0_dummy
D:12:     uniq_maurice, uniq_psyche, uniq_azrael, uniq_kirke
D:13:     serial_shops, nicolae_shop_stone
D:14:     erik_vaults_1, serial_shops, shop, serial_undead, serial_undead_a,
          serial_undead_e, serial_undead_b, serial_undead_e
D:15:     grunt_enter_depths_snipers, minmay_misc_feat_square
Orc:2:    st_orc_elflike, serial_shops, shop_fountains
Elf:1:    hangedman_elf_represent, uniq_frances
Elf:3:    elf_hall_gauntlet_narrow, uniq_donald
Abyss:3:  evilmike_abyss_exit_1
Bailey:   bailey_axe_minmay_hex_keep, bailey

Skill      XL: |  1  2  3  4  5  6  7  8  9 10 11 12 13 14 15 16 |
---------------+-------------------------------------------------+-----
Long Blades    | 2 4 7 10 13 | 13.5
Slings         | 2 3 6 8 9 12 | 12.0
Dodging        | 9 10 11 12 | 12.2
Fighting       | 3 6 7 8 |  8.3
Shields        | 3 6 7 |  7.2
Spellcasting   | 10 | 10.5
Short Blades   | 1 7 |  7.8
Stealth        | 1 8 |  8.6
Conjurations   | 2 |  2.5
Transmutations | 4 |  4.2
Hexes          | 1 3 |  3.0
Charms         | 1 3 |  3.0

Action                   |  1- 3 |  4- 6 |  7- 9 | 10-12 | 13-15 | 16-18 || total
-------------------------+-------+-------+-------+-------+-------+-------++-------
Melee: Long sword        |    62 |       |       |       |       |       ||    62
       Dagger            |       |       |       |    62 |   196 |    29 ||   287
       Kick              |       |       |       |    29 |   282 |    64 ||   375
       Scimitar          |       |       |       |       |   438 |   158 ||   596
       Unarmed           |       |       |       |       |     1 |       ||     1
 Fire: Hunting sling     |    72 |   134 |   658 |  1278 |   408 |       ||  2550
Throw: Throwing net      |       |       |       |       |     2 |     1 ||     3
 Cast: Spectral Weapon   |       |       |       |       |     1 |     1 ||     2
Invok: Sacrifice Skill   |     1 |       |       |       |       |       ||     1
       Sacrifice Artific |     1 |       |       |       |       |       ||     1
       Draw Out Power    |       |     1 |       |       |       |       ||     1
       Sacrifice Essence |       |       |     2 |       |       |       ||     2
       Apocalypse        |       |       |       |     5 |     9 |     9 ||    23
       Power Leap        |       |       |       |     1 |    12 |     7 ||    20
  Use: Scroll            |     1 |       |    17 |     8 |     3 |     3 ||    32
       Potion            |       |       |       |    12 |     3 |     3 ||    18
 Stab: Paralysed         |       |       |       |    14 |     9 |     5 ||    28
       Invisible         |       |       |       |     1 |     8 |       ||     9
       Sleeping          |       |       |       |       |    14 |     2 ||    16
       Distracted        |       |       |       |       |     5 |     2 ||     7
       Held in net/web   |       |       |       |       |     1 |       ||     1
  Eat: Ration            |       |       |     1 |     3 |     4 |     3 ||    11
Armor: Robe              |     3 |       |     7 |    24 |    60 |    20 ||   114
Dodge: Dodged            |    48 |    16 |    85 |   337 |   498 |    85 ||  1069
Block: Buckler           |    30 |     1 |    32 |   138 |   209 |    56 ||   466
       Rpst.: Long sword |    10 |       |       |       |       |       ||    10
       Scimitar          |       |       |       |       |   103 |    16 ||   119

Table legend:
 A = Spawn XP
 B = Non-spawn XP
 C = Spawn XP percentage of total XP
 D = Spawn monster count
 E = Non-spawn monster count
 F = Spawn count percentage of total count
 G = Total turns spent on level
                    A         B        C        D         E        F      G
               +---------+---------+-------+---------+---------+-------+---------
         Total |    1929 |  167948 |   1.1 |       5 |     687 |   0.7 | 24485
               +---------+---------+-------+---------+---------+-------+---------
           D:1 |       0 |      30 |   0.0 |       0 |      19 |   0.0 |   940
           D:2 |       0 |      39 |   0.0 |       0 |      12 |   0.0 |   670
           D:3 |       0 |     336 |   0.0 |       0 |      17 |   0.0 |   741
           D:4 |       0 |     745 |   0.0 |       0 |      32 |   0.0 |  1217
           D:5 |       0 |     689 |   0.0 |       0 |      22 |   0.0 |   980
           D:6 |       0 |    1862 |   0.0 |       0 |      43 |   0.0 |  1513
           D:7 |       0 |    1017 |   0.0 |       0 |      18 |   0.0 |  1285
           D:8 |       0 |    2153 |   0.0 |       0 |      39 |   0.0 |  1449
           D:9 |       0 |    2147 |   0.0 |       0 |      26 |   0.0 |  1371
          D:10 |       0 |    5733 |   0.0 |       0 |      32 |   0.0 |   980
          D:11 |       0 |   10840 |   0.0 |       0 |      57 |   0.0 |  1914
          D:12 |       0 |   10913 |   0.0 |       0 |      56 |   0.0 |  1672
          D:13 |       0 |    5682 |   0.0 |       0 |      23 |   0.0 |   815
          D:14 |       0 |    4973 |   0.0 |       0 |      12 |   0.0 |   961
          D:15 |       0 |    6008 |   0.0 |       0 |      26 |   0.0 |   964
         Orc:1 |       0 |    1149 |   0.0 |       0 |      15 |   0.0 |   461
         Orc:2 |       0 |   10858 |   0.0 |       0 |      43 |   0.0 |  1203
         Elf:1 |       0 |   18092 |   0.0 |       0 |      27 |   0.0 |  1166
         Elf:2 |       0 |   42784 |   0.0 |       0 |      60 |   0.0 |  2057
         Elf:3 |       0 |   35459 |   0.0 |       0 |      38 |   0.0 |   640
       Abyss:3 |    1929 |    2485 |  43.7 |       5 |       3 |  62.5 |   447
        Bailey |       0 |    3954 |   0.0 |       0 |      67 |   0.0 |  1039
               +---------+---------+-------+---------+---------+-------+---------
